Unix NetHack Version 5.0.0-0 post-release - last build May  4 2026 22:22:43 (774f63e81ad911689b3a0859ea89b322d5daca8d,branch:main).

Game began 2026-05-04 16:18:39, ended 2026-05-05 10:17:30.

GdeVolpiano, neutral female human Tourist

                                                   ----
                                              ------..----
                                              |........|.-----
                                             --..............--
                                           ---.P..........>...|
                                        -.....%@P.)..........--
                                        -- ----.P...........--
                                             |.)....<..---..|
                                             |.........|  ---
                                             --.......--
                                              |.......-
                                              ---......
                                                |......-
                                                -.......
                                                ....--..-
                                               ...--- -.-
                                              ...--    ..
                                              |..       .|
                                              ---       --
GdeVolpiano the Peregrinatrix  St:25 Dx:13 Co:17 In:11 Wi:8 Ch:18  Neutral
Dlvl:8  $:10 HP:0(91) Pw:33(33) AC:0  Xp:10 T:9571 

Latest messages:
 The 1st dagger misses you.
 The 2nd dagger misses you.
 The gnome lord throws a dagger!
 A dagger misses you.
 The gnome lord wields 2 daggers!
 You hit the gnome lord!
 The gnome lord thrusts one of his daggers.
 The gnome lord misses!
 You hit the gnome lord!
 You kill the gnome lord!
 Pick a monster, object or location.
 P        a pudding or ooze (black pudding)
 In what direction?
 You throw 2 darts.
 The 1st dart hits the black pudding!
 The dart corrodes!
 The 2nd dart hits the black pudding!
 The dart corrodes!
 You kill the black pudding!
 Your broad short sword corrodes!
 The giant spider bites!
 You hit the giant spider!
 The giant spider misses!
 You hit the giant spider!
 The giant spider just misses!
 You kill the giant spider!
 The gnome picks up a food ration.
 You kill the gnome!
 The black pudding divides as you hit it!
 Your broad short sword corrodes further!
 The black pudding divides as you hit it!
 Your broad short sword corrodes completely!
 The black pudding bites!
 Your large round shield corrodes!
 The black pudding bites!
 Your large round shield corrodes further!
 The black pudding bites!
 Your large round shield corrodes completely!
 You kill the black pudding!
 The black pudding bites!
 Your hard hat corrodes!
 The black pudding bites!
 Your pair of hard shoes corrodes!
 The black pudding divides as you hit it!
 The black pudding bites!
 Your cloak of protection is not affected by corrosion.
 The black pudding bites!
 Your hard hat corrodes further!
 You die...
 Do you want your possessions identified? [ynq] (y)

Inventory:
 Coins    ('$')
  $ - 10 gold pieces
 Amulets  ('"')
  y - an uncursed amulet of reflection (being worn)
 Weapons  (')')
  a - 4 +2 darts (at the ready)
  j - 8 +0 darts
  u - a +1 dwarvish spear
  N - a thoroughly corroded +0 dwarvish short sword (weapon in right hand)
  s - a +0 trident (alternate weapon; not wielded)
 Armor    ('[')
  O - an uncursed very corroded +0 dwarvish iron helm (being worn)
  t - an uncursed +0 pair of gauntlets of power (being worn)
  P - an uncursed corroded +0 pair of iron shoes (being worn)
  Q - an uncursed thoroughly corroded +1 dwarvish roundshield (being worn)
  r - an uncursed thoroughly burnt +0 cloak of protection (being worn)
  i - an uncursed +0 Hawaiian shirt with a parrot motif (being worn)
  R - an uncursed +0 dwarvish mithril-coat (being worn)
 Comestibles  ('%')
  h - an uncursed lizard corpse
 Potions  ('!')
  l - 2 uncursed potions of healing
 Rings    ('=')
  v - an uncursed ring of fire resistance
  g - an uncursed ring of invisibility
  J - an uncursed ring of polymorph control (on right hand)
 Wands    ('/')
  b - a wand of fire (0:5)
 Tools    ('(')
  B - an uncursed bag of holding containing 25 items
  k - an uncursed skeleton key
  F - an uncursed stethoscope
  Z - an uncursed towel
  H - a +0 unicorn horn

Contents of the bag of holding:
  4480 gold pieces
  4 uncursed figs
  an uncursed cream pie
  15 uncursed food rations
  2 uncursed fortune cookies
  3 uncursed tripe rations
  an uncursed egg
  2 uncursed lizard corpses
  an uncursed scroll of amnesia
  an uncursed scroll of punishment
  a blessed scroll of earth
  an uncursed scroll of earth
  a cursed scroll of light
  an expensive camera (0:51)
  a +0 pick-axe
  2 uncursed worthless pieces of black glass
  2 uncursed worthless pieces of blue glass
  an uncursed worthless piece of green glass
  3 uncursed worthless pieces of orange glass
  3 uncursed worthless pieces of red glass
  an uncursed worthless piece of violet glass
  an uncursed worthless piece of yellow glass
  an uncursed topaz stone
  an uncursed amber stone
  2 uncursed worthless pieces of yellowish brown glass

GdeVolpiano the Tourist's attributes:

Background:
 You were a Peregrinatrix, a level 10 female human Tourist.
 You were neutral, on a mission for The Lady
 who was opposed by Blind Io (lawful) and Offler (chaotic).
 You were right-handed.
 You were in the Gnomish Mines, on level 8.
 You entered the dungeon 9571 turns ago.
 You had 5881 experience points, 4119 more were needed to attain level 11.

Basics:
 You had 0 out of 91 hit points.
 You had all 33 energy points (spell power).
 Your armor class was 1.
 Your wallet contained 10 zorkmids, and
 you had 4480 more stashed away in your pack.
 Autopickup was on for '$?!/="+' plus thrown, with exceptions.

Final Characteristics:
 Your strength was 25 (base:9, innate limit:18/100).
 Your dexterity was 13 (limit:18).
 Your constitution was 17 (limit:18).
 Your intelligence was 11 (limit:18).
 Your wisdom was 8 (limit:18).
 Your charisma was 18 (limit:18).

Final Status:
 You weren't hungry.
 You were unencumbered.
 You were wielding a short sword.
 You were skilled in short sword.

Final Attributes:
 You were piously aligned.
 You were sleep resistant.
 You were poison resistant.
 You had automatic searching.
 You could teleport.
 You were protected.
 You had polymorph control.
 You had reflection.
 You were lucky.
 You are dead.

Miscellaneous:
 You encountered 1 bones level.
 Total elapsed playing time was 2 hours, 4 minutes and 7 seconds.

Major events:
 Turn
    1: GdeVolpiano the neutral female human Tourist entered the dungeon
  360: attained the rank of Sightseer (level 3)
 1287: entered the Gnomish Mines
 1943: attained the rank of Excursionist (level 6)
 2765: reached Mine Town
 3670: was bestowed with Trollsbane by The Lady
 5534: entered Sokoban
 6480: completed 1st Sokoban level
 6769: completed 2nd Sokoban level
 7273: completed 3rd Sokoban level
 8327: completed 4th Sokoban level
 8723: attained the rank of Peregrinatrix (level 10)
 8749: acquired the Sokoban amulet of reflection
 9571: killed by a black pudding

You didn't know any spells.

Skills:
 Fighting Skills
   bare handed combat [Unskilled]
   two weapon combat  [Skilled]
   riding             [Unskilled]
 Weapon Skills
   dagger             [Unskilled]
   knife              [Unskilled]
   axe                [Unskilled]
   pick-axe           [Unskilled]
   short sword        [Skilled]
   broadsword         [Unskilled]
   long sword         [Unskilled]
   two-handed sword   [Unskilled]
   saber              [Unskilled]
   mace               [Unskilled]
   morning star       [Unskilled]
   flail              [Unskilled]
   hammer             [Unskilled]
   quarterstaff       [Unskilled]
   polearms           [Unskilled]
   spear              [Unskilled]
   trident            [Basic]
   lance              [Unskilled]
   bow                [Unskilled]
   sling              [Unskilled]
   crossbow           [Unskilled]
   dart               [Skilled]
   shuriken           [Unskilled]
   boomerang          [Unskilled]
   whip               [Unskilled]
   unicorn horn       [Unskilled]
 Spellcasting Skills
   divination spells  [Unskilled]
   enchantment spells [Unskilled]
   escape spells      [Unskilled]

Voluntary challenges:
 Character rerolling was not enabled.
 You never genocided any monsters.
 You never polymorphed an object.
 You never changed form.
 You used no wishes.
 You did not violate any of the special Sokoban rules.
Achievements:
 You entered a shop.
 You attained the rank of Sightseer.
 You entered the Gnomish Mines.
 You attained the rank of Excursionist.
 You entered Minetown.
 You entered a temple.
 You entered Sokoban.
 You attained the rank of Peregrinatrix.
 You completed Sokoban.

 The Dungeons of Doom: levels 1 to 7
    Level 1: "vault"
       Some fountains.
    Level 2:
       An armor shop, a sink.
    Level 3: "stash"
       An altar to The Lady, a fountain.
       Stairs down to The Gnomish Mines.
    Level 4:
       A fountain.
    Level 5:
       Many fountains.
       Oracle of Delphi.
    Level 6:
       An armor shop, some fountains.
       Stairs up to Sokoban, level 5.
    Level 7:
 The Gnomish Mines: levels 4 to 8
    Level 4:
    Level 5:
    Level 6:
    Level 7:
       Many shops, a temple and an altar, some fountains, a sink.
    Level 8: <- You were here.
       Final resting place for
          you, killed by a black pudding,
          nabru-Bar-Orc-Fem-Cha, killed by a black pudding.
 Sokoban: levels 5 up to 2
    Level 2:
       Solved.
    Level 3:
       Solved.
    Level 4:
       Solved.
    Level 5:
       Solved.


Vanquished creatures:
  2 black puddings
  2 giant mimics
  2 large mimics
  a wumpus
  a warg
  5 small mimics
  a xan
 an ogre leader
  a flaming sphere
  a dwarf ruler
  a tengu
  2 leocrottas
 an elf mummy
  a red naga
  a pit viper
  a Grey-elf
 an amorous demon
  3 giant beetles
  a cockatrice
  a wolf
  a lynx
  a spotted jelly
  2 leprechauns
 an orc-captain
  2 iron piercers
  2 giant spiders
  a black light
  a gnome ruler
  a dwarf mummy
 an owlbear
  a Green-elf
  3 lizards
  3 dingoes
  3 jaguars
  a dwarf leader
  2 blue jellies
  3 white unicorns
  2 snakes
  5 human zombies
  4 Woodland-elves
  2 soldier ants
  a fire ant
  a bugbear
  3 quasits
  2 water nymphs
  5 mountain nymphs
 12 Mordor orcs
  2 Uruk-hai
 an orc shaman
  2 rock piercers
  2 rock moles
  a pony
  4 yellow lights
  a shrieker
  a violet fungus
  7 gnome leaders
  7 gnomish wizards
  a red naga hatchling
  a ghoul
  2 paper golems
  3 giant ants
  a little dog
  2 kittens
 12 dwarves
  a homunculus
  2 kobold leaders
  9 hill orcs
  2 rothes
  a centipede
  4 giant bats
  2 orc zombies
  2 dwarf zombies
  a wererat
  2 werejackals
  3 iguanas
  4 killer bees
 an acid blob
  7 coyotes
  4 gas spores
  2 hobbits
  a manes
  3 hobgoblins
  a yellow mold
  a red mold
 35 gnomes
  3 gnome zombies
  6 geckos
  6 jackals
  4 foxes
  a kobold
  3 goblins
  3 sewer rats
  3 grid bugs
  8 lichens
  8 newts
279 creatures vanquished.

No species were genocided or became extinct.

Game over:
                       ----------
                      /          \
                     /    REST    \
                    /      IN      \
                   /     PEACE      \
                  /                  \
                  |   GdeVolpiano    |
                  |     4490 Au      |
                  |   killed by a    |
                  |  black pudding   |
                  |                  |
                  |                  |
                  |       2026       |
                 *|     *  *  *      | *
        _________)/\\_//(\/(/\)/\//\/|_)_______

Aloha GdeVolpiano the Tourist...

You died in The Gnomish Mines on dungeon level 8 with 27195 points,
and 4490 pieces of gold, after 9571 moves.
You were level 10 with a maximum of 91 hit points when you died.

